 Dungeon Crawl Stone Soup version 0.31-a0-1009-g454b1f1e0a (webtiles) character file.

Game seed: 11792884034037441693

13755 graki42 the Blocker (level 12, -3/80 HPs)
             Began as a Gargoyle Fighter on Nov 13, 2023.
             Was a Priest of the Shining One.
             Slain by a goliath frog (9 damage)
             ... on level 2 of the Lair of Beasts.
             The game lasted 00:28:10 (10192 turns).

graki42 the Blocker (Gargoyle Fighter)             Turns: 10192, Time: 00:28:10

Health: -3/80      AC: 19    Str: 24    XL:     12   Next: 9%
Magic:  16/16      EV:  8    Int: 10    God:    the Shining One [***...]
Gold:   332        SH: 13    Dex:  9    Spells: 11/11 levels left

rFire   . . .        a - +3 flail (elec)
rCold   . . .        L - +2 kite shield
rNeg    + + .        f - +0 chain mail
rPois   ∞            (no helmet)
rElec   +            l - +0 cloak
rCorr   +            (no gloves)
SInv    .            K - +0 pair of boots
Will    .....        (no amulet)
Stlth   x              - +4 ring of slaying
HPRegen 0.33/turn    B - ring of resist corrosion
MPRegen 0.15/turn

%: no passive effects
@: corroded, glowing
A: sickness immunity, AC +8, negative energy resistance 1, electricity
resistance, torment resistance 1, petrification resistance
a: Renounce Religion, Divine Shield, Cleansing Flame


You were on level 2 of the Lair of Beasts.
You worshipped the Shining One.
The Shining One was most pleased with you.
You visited 3 branches of the dungeon, and saw 11 of its levels.
You also visited: Sewer and Ossuary.

You collected 645 gold pieces.
You spent 313 gold pieces at shops.

Inventory:

Hand Weapons
 a - a +3 flail of electrocution (weapon)
Armour
 f - a +0 chain mail (worn)
 l - a +0 cloak (worn)
 K - a +0 pair of boots (worn)
 L - a +2 kite shield (worn)
Jewellery
 c - a ring of positive energy
 x - a +4 ring of slaying (left hand)
 B - a ring of resist corrosion (right hand)
Wands
 b - a wand of charming (28)
 A - a wand of polymorph (10)
 G - a wand of roots (10)
Scrolls
 i - 5 scrolls of blinking
 m - 8 scrolls of teleportation
 s - 3 scrolls of fog
 u - a scroll of fear
 y - 3 scrolls of immolation
 E - a scroll of revelation {unknown}
 I - 2 scrolls of brand weapon
Potions
 d - a potion of might
 e - a potion of attraction {unknown}
 g - 2 potions of lignification {unknown}
 h - 4 potions of mutation
 j - 2 potions of ambrosia {unknown}
 k - 4 potions of curing
 n - a potion of invisibility {unknown}
 q - a potion of degeneration
 t - 3 potions of enlightenment
 v - a potion of cancellation {unknown}
 w - a potion of magic {unknown}
 z - a potion of berserk rage {unknown}
 D - 2 potions of heal wounds {unknown}
 F - a potion of brilliance {unknown}
 J - a potion of haste {unknown}


   Skills:
 + Level 11.4 Fighting
 + Level 10.2 Maces & Flails
 + Level 11.3 Armour
 + Level 11.4 Shields
 + Level 6.1 Invocations


You had 11 spell levels left.
You didn't know any spells.
Your spell library contained the following spells:

 Spells                   Type           Power      Damage    Failure   Level
 Apportation              Tloc           0%         N/A       95%         1
 Foxfire                  Conj/Fire      0%         2x1d4     95%         1
 Magic Dart               Conj           0%         1d3       95%         1
 Necrotise                Necr           0%         1d4       95%         1
 Summon Small Mammal      Summ           0%         N/A       95%         1
 Call Imp                 Summ           0%         N/A       98%         2
 Jinxbite                 Hex            0%         N/A       98%         2
 Lesser Beckoning         Tloc           0%         N/A       98%         2
 Frozen Ramparts          Ice            0%         1d1       100%        3
 Gell's Gravitas          Tloc           0%         N/A       100%        3
 Mephitic Cloud           Conj/Pois/Air  0%         N/A       100%        3
 Teleport Other           Tloc           0%         N/A       100%        3
 Petrify                  Tmut/Erth      0%         N/A       100%        4
 Alistair's Intoxication  Tmut/Pois      0%         N/A       100%        5
 Metabolic Englaciation   Hex/Ice        0%         N/A       100%        5
 Plasma Beam              Fire/Air       0%         2x1d10    100%        6
 Starburst                Conj/Fire      0%         6d3       100%        6


Dungeon Overview and Level Annotations

Branches:
Dungeon (8/15)             Temple (1/1) D:4            Lair (2/5) D:8
  Swamp (0/4) Lair:2        Snake (0/4) Lair:2        Sewer (visited)
Ossuary (visited)

Altars:
Ashenzari
Cheibriados
Dithmenos
Elyvilon
Fedhas
Gozag
Hepliaklqana
Kikubaaqudgha
Makhleb
Nemelex Xobeh
Okawaru
Qazlal
Ru
Sif Muna
Trog
Uskayaw
Vehumet
Wu Jian
Xom
Yredelemnul
Zin
The Shining One

Shops:
D:1 =:?=(   D:3 *


Innate Abilities, Weirdness & Mutations

You are immune to sickness and miasma.
Your stone body is resilient. (AC +8)
You are immune to poison.
You resist negative energy. (rN+)
You are resistant to electric shocks. (rElec)
You are resistant to unholy torment.
You are immune to petrification.


Message History

You are splashed with acid.
You resist.
* * * LOW HITPOINT WARNING * * *
The hornet attacks as it pursues you! You block the hornet's attack. x2
You block the goliath frog's attack. The hornet attacks as it pursues you!
You block the hornet's attack. x2
As you read the scroll of fear, it crumbles to dust.
You assume a fearsome visage.
The goliath frog looks frightened!
You barely miss the hornet.
The hornet stings you but does no damage. x2
You sock the hornet!
The hornet is moderately wounded.
You block the hornet's attack.
The goliath frog hits the plant!!
The plant begins to die.
The plant is splashed with acid.
You sock the hornet!
The hornet is severely wounded.
You block the hornet's attack.
The goliath frog hits the plant!
The plant is splashed with acid.
The acid corrodes the plant!
Cornered, the goliath frog turns to fight!
The hornet barely misses you.
You sock the hornet! Lightning courses through the hornet!
You kill the hornet!
A komodo dragon comes into view.
You are no longer corroded.
Okay, then.
The goliath frog attacks as it pursues you!
You block the goliath frog's attack.
The goliath frog attacks as it pursues you!
You block the goliath frog's attack. The goliath frog hits you from afar!
* * * LOW HITPOINT WARNING * * *
The acid corrodes you!
You are splashed with acid.
You resist.
* * * LOW HITPOINT WARNING * * *
Unknown command.
You block the goliath frog's attack.
The goliath frog attacks as it pursues you!
You block the goliath frog's attack.
The goliath frog attacks as it pursues you!
You block the goliath frog's attack. The goliath frog hits you from afar!
You die...

..................## #........#
..###.#P..........P####.......##
..#####...................###.##
...# ##..#.#...............#..#
♣.## #...####..<.....>.......#
♣.# ##..P# ##.............#.##
♣.# #...P# #..............#..#
♣.### ##..## ##................#
♣.PP####..#####.@...........#.##
♣..........##.#...............##
..............F..........P.....#
...............................#
..............................##
P######..#.##..P##P#.##....####
## #####.################ .# ###
##


You could see a goliath frog.

Vanquished Creatures
  The ghost of Zgarb the Fighter, a novice OgGl of Makhleb (D:8)
  A hydra (Lair:2)
  Erica (D:8)
  Urug (Lair:2)
  2 black mambas (Lair:2)
  Maggie (D:7)
  4 cane toads
  3 komodo dragons
  2 polar bears (Lair:1)
  2 hornets
  8 blink frogs
  3 yaks (D:6)
  A wyvern (D:8)
  2 wraiths (Ossuary)
  A steam dragon (D:7)
  A basilisk (Lair:1)
  Eustachio (D:5)
  Menkaure (D:7)
  3 nagas (Lair:2)
  5 water moccasins
  A black bear (D:5)
  A sky beast (D:7)
  4 centaurs
  2 ogres (D:5)
  4 kobold brigands
  8 bullfrogs
  2 scorpions (D:5)
  12 wights
  6 killer bees
  A centaur zombie (Ossuary)
  4 jellies
  4 hounds (D:5)
  6 orc priests
  2 sleepcaps
  2 iguanas
  Crazy Yiuf (D:3)
  Ijyb (D:3)
  A human skeleton (D:6)
  9 orc wizards
  9 gnolls
  15 adders
  2 river rats (Sewer)
  A shadow imp (D:7)
  2 white imps
  3 worms
  A dart slug (D:1)
  22 orcs
  6 ball pythons
  3 bats
  4 endoplasms
  7 giant cockroaches
  4 goblins
  9 hobgoblins
  6 jackals
  14 kobolds
  7 quokkas
  A ball python skeleton (Ossuary)
  3 frilled lizards
  A goblin skeleton (D:6)
  A hobgoblin skeleton (Ossuary)
  4 hobgoblin zombies (Ossuary)
  A kobold zombie (Ossuary)
  5 rats
246 creatures vanquished.

Notes
Turn   | Place    | Note
-------+----------+-------------------------------------------
     0 | D:1      | graki42 the Gargoyle Fighter began the quest for the Orb.
     0 | D:1      | Reached XP level 1. HP: 14/14 MP: 1/1
    36 | D:1      | Reached XP level 2. HP: 9/19 MP: 2/2
   180 | D:1      | Reached XP level 3. HP: 23/23 MP: 3/3
   182 | D:1      | Found Saiwosi Zoocs's Jewellery Shoppe.
   237 | D:1      | Found Dolaoxez's Magic Scroll Shoppe.
   250 | D:1      | Found Rahi Ywk's Jewellery Boutique.
   270 | D:1      | Found Paships's Book Shop.
   443 | D:1      | Found Rashisum's Weapon Emporium.
   552 | D:1      | Found a faded altar of an unknown god.
   867 | D:2      | Reached XP level 4. HP: 25/29 MP: 4/4
  1418 | D:2      | Reached XP level 5. HP: 26/33 MP: 5/5
  1694 | D:2      | Reached XP level 6. HP: 44/44 MP: 6/6
  1695 | D:2      | Reached XP level 7. HP: 51/51 MP: 7/7
  1754 | D:3      | Found Kodybbia's Assorted Antiques.
  1843 | D:3      | Noticed Ijyb
  1882 | D:3      | Killed Ijyb
  2022 | D:3      | Found a runed translucent door.
  2023 | D:3      | Noticed Crazy Yiuf
  2030 | D:3      | Killed Crazy Yiuf
  2370 | D:3      | Bought a coppery potion for 25 gold pieces
  2370 | D:3      | Bought a scroll labelled JESSUF RAMARGH for 28 gold pieces
  2370 | D:3      | Bought a coppery potion for 25 gold pieces
  2370 | D:3      | Bought a viscous white potion for 25 gold pieces
  2852 | D:4      | Found a staircase to the Ecumenical Temple.
  2862 | Temple   | Entered the Ecumenical Temple
  2942 | Temple   | Became a worshipper of the Shining One
  3238 | D:4      | Reached XP level 8. HP: 56/56 MP: 8/8
  3664 | D:5      | Entered Level 5 of the Dungeon
  3754 | D:5      | You fall into a shaft and drop 1 floor!
  3788 | D:6      | Found a glowing drain.
  3809 | Sewer    | Entered a sewer
  4225 | D:6      | Reached skill level 1 in Invocations
  4305 | D:6      | Noticed a yak
  4312 | D:6      | Killed a yak
  4436 | D:5      | Reached XP level 9. HP: 57/62 MP: 10/10
  4499 | D:5      | Noticed Eustachio
  4573 | D:5      | Killed Eustachio
  5044 | D:5      | Found a hazy altar of Hepliaklqana.
  5692 | D:6      | Found a runed translucent door.
  5701 | D:6      | Found a basalt altar of Yredelemnul.
  5706 | D:6      | Reached * piety under the Shining One
  5798 | D:6      | Found an ancient bone altar of Kikubaaqudgha.
  5814 | D:6      | Found a broken altar of Ashenzari.
  5836 | D:6      | Reached skill level 10 in Shields
  6092 | D:7      | Noticed Menkaure
  6101 | D:7      | Killed Menkaure
  6122 | D:7      | Found a sand-covered staircase.
  6131 | Ossuary  | Entered an ossuary
  6255 | Ossuary  | Reached ** piety under the Shining One
  6294 | Ossuary  | Reached skill level 10 in Fighting
  6294 | Ossuary  | Reached skill level 10 in Armour
  6313 | Ossuary  | Reached XP level 10. HP: 57/68 MP: 12/12
  6480 | D:7      | Noticed Maggie
  6493 | D:7      | Killed Maggie
  7508 | D:8      | Reached *** piety under the Shining One
  7637 | D:8      | Found a runed translucent gate.
  7637 | D:8      | Found a runed translucent gate.
  7637 | D:8      | Found a runed translucent gate.
  7639 | D:8      | Noticed Zgarb's ghost (novice OgGl)
  7694 | D:8      | Noticed Erica
  7704 | D:8      | Killed Erica
  7731 | D:8      | Found a snail-covered altar of Cheibriados.
  7812 | D:8      | Found a staircase to the Lair.
  7847 | D:8      | Found an opulent altar of Gozag.
  8099 | D:8      | Killed Zgarb's ghost
  8100 | D:8      | Reached XP level 11. HP: 58/73 MP: 14/14
  8204 | D:3      | Bought a shiny kite shield for 210 gold pieces
  8339 | D:13     | Identified the "Acsu"
  8339 | Lair:1   | Entered Level 1 of the Lair of Beasts
  8783 | Lair:1   | Reached skill level 5 in Invocations
  9526 | Lair:2   | Noticed Urug
  9535 | Lair:2   | Killed Urug
  9536 | Lair:2   | Reached skill level 10 in Maces & Flails
  9707 | Lair:2   | Found a staircase to the Snake Pit.
  9854 | Lair:2   | Noticed a five-headed hydra
  9863 | Lair:2   | Killed a five-headed hydra
  9864 | Lair:2   | Reached XP level 12. HP: 59/80 MP: 16/16
 10153 | Lair:2   | Found a staircase to the Swamp.
 10184 | Lair:2   | HP: 3/80 [acid (4)]
 10192 | Lair:2   | Slain by a goliath frog

Illustrated notes

Levels and vault maps discovered:
D:1:      dpeg_arrival_ternary, layout_rooms, chequers_ecumenical_altar_twisty,
          serial_shops, nicolae_shop_getting_attention, shop, shop, shop,
          nicolae_shop_bloodbath_and_beyond, minmay_misc_feat_square,
          chequers_avenue, nicolae_the_louvre
D:2:      layout_basic
D:3:      layout_loops_ring, serial_shops, nicolae_shop_tiny_glass,
          uniq_crazy_yiuf_cottage, uniq_ijyb
D:4:      layout_basic, minmay_temple_entry_drinking_statues
D:5:      minmay_recursive_quarters, layout_basic,
          nicolae_hepliaklqana_hippocampus, uniq_eustachio
D:6:      layout_basic, dk_yredelemnul_ordeal, mainiacjoe_overflow_swirl,
          gup_sewer_entry_pipe
D:7:      layout_cave_pools, mainiacjoe_ossuary_entry_dusty_tomb, uniq_maggie,
          uniq_menkaure
D:8:      layout_cave_pools, lemuel_tele_altar, mainiacjoe_overflow_chevrons,
          dpeg_oklobed_lair, ebering_ghost_rock_garden, nicolae_wwwww,
          uniq_erica
Temple:   minmay_temple_bridge_d
Lair:1:   layout_cave_pods, cheibrodos_lair_lostbears
Lair:2:   layout_chaotic_city, mainiacjoe_swamp_entry_lozenge_pond,
          minmay_snake_entry_guardpost_small, uniq_urug

Skill      XL: |  1  2  3  4  5  6  7  8  9 10 11 |
---------------+----------------------------------+-----
Shields        | 4 7 9 10 11 | 11.4
Armour         | 4 7 9 10 11 | 11.3
Fighting       | 4 7 9 10 11 | 11.4
Maces & Flails | 3 6 8 9 10 | 10.2
Invocations    | 1 2 4 6 |  6.1

Action                     |  1- 3 |  4- 6 |  7- 9 | 10-12 || total
---------------------------+-------+-------+-------+-------++-------
  Melee: Flail             |    70 |    64 |   443 |   265 ||   842
 Invoke: Divine Shield     |       |       |       |     1 ||     1
    Use: Scroll            |       |     2 |    10 |     3 ||    15
         Potion            |       |     2 |     2 |     1 ||     5
 Armour: Scale mail        |    11 |       |       |       ||    11
         Chain mail        |    45 |    50 |   272 |   250 ||   617
  Dodge: Dodged            |    21 |    22 |   147 |   105 ||   295
  Block: Buckler           |    17 |    20 |   112 |    50 ||   199
         Kite shield       |       |       |       |    79 ||    79

Table legend: (Time is in decaauts)
 A = Elapsed time spent in this place.
 B = Non-inter-level travel time spent in this place.
 C = Inter-level travel time spent in this place.
 D = Time resting spent in this place.
 E = Time spent auto-exploring this place.
 F = Levels seen in this place.
 G = Mean time per level.
                   A        B        C        D        E       F      G
               +--------+--------+--------+--------+--------+-----+--------+
         Total |  10336 |   9854 |    482 |   1215 |   6412 |  13 |  795.1 |
       Dungeon |   7542 |   7167 |    375 |    935 |   4768 |   8 |  942.8 |
        Temple |    151 |     80 |     71 |      0 |      0 |   1 |  151.0 |
          Lair |   1852 |   1817 |     35 |    207 |   1361 |   2 |  926.0 |
         Sewer |    475 |    475 |      0 |     20 |    250 |   1 |  475.0 |
       Ossuary |    315 |    315 |      0 |     53 |     33 |   1 |  315.0 |
               +--------+--------+--------+--------+--------+-----+--------+

Top non-repeatable levels by time:
     D:7: 1140 daAuts
     D:5: 1118 daAuts
     D:3: 956 daAuts
  Lair:1: 955 daAuts
     D:4: 911 daAuts
     D:6: 909 daAuts
     D:1: 900 daAuts
  Lair:2: 897 daAuts
     D:2: 887 daAuts
     D:8: 719 daAuts
   Sewer: 475 daAuts
 Ossuary: 315 daAuts
  Temple: 151 daAuts
